 Dungeon Crawl Stone Soup version 0.20-a0-507-gc86f373 (webtiles) character file.

96 Dfrag the Shield-Bearer (level 4, 0/35 HPs)
             Began as a Formicid Fighter on Jan 21, 2017.
             Slain by Natasha (2 damage)
             ... on level 2 of the Dungeon.
             The game lasted 00:01:21 (1276 turns).

Dfrag the Shield-Bearer (Formicid Fighter)          Turns: 1276, Time: 00:01:22

Health: 0/35       AC:  6    Str: 21    XL:     4   Next: 98%
Magic:  4/4        EV:  8    Int:  9    God:
Gold:   71         SH: 10    Dex: 11    Spells: 3/3 levels left

rFire    . . .     SeeInvis +   a - +0 flail
rCold    . . .     Gourm    .   b - +0 scale mail
rNeg     . . .     Faith    .   c - +0 shield
rPois    .         Spirit   .   (helmet unavailable)
rElec    .         Reflect  .   (no cloak)
rCorr    .         Harm     .   (no gloves)
MR       .....                  (no boots)
Stlth    ..........             (no amulet)
Regen    0.2/turn               (no ring)
                                k - +2 ring of intelligence

@: no status effects
A: permanent stasis, dig shafts and tunnels, four strong arms, antennae 3
a: Dig, Shaft Self


You were on level 2 of the Dungeon.
You were not hungry.

You visited 1 branch of the dungeon, and saw 2 of its levels.

You collected 71 gold pieces.

Inventory:

Hand Weapons
 a - a +0 flail (weapon)
Armour
 b - a +0 scale mail (worn)
 c - a +0 shield (worn)
Jewellery
 k - a +2 ring of intelligence (left hand)
Scrolls
 g - a scroll of magic mapping {unknown}
 h - 3 scrolls of teleportation {unknown}
 o - a scroll of fog {unknown}
Potions
 d - a potion of might
 e - a potion of flight {unknown}
 i - a potion of brilliance {unknown}
 j - a potion of mutation {unknown}
 m - a potion of lignification {unknown}
 n - a potion of curing {unknown}
Comestibles
 f - a bread ration
 l - a royal jelly
 p - a chunk of flesh


   Skills:
 - Level 3.2 Fighting
 + Level 3.6 Maces & Flails
 - Level 3.2 Armour
 + Level 5.1 Shields


You had 3 spell levels left.
You didn't know any spells.

Dungeon Overview and Level Annotations

Branches:
Dungeon (2/15)

Altars:

Annotations:
D:2 Natasha


Innate Abilities, Weirdness & Mutations

You cannot be hasted, slowed, berserked, paralysed or teleported.
You can dig through walls and to a lower floor.
Your four strong arms can wield two-handed weapons with a shield.
You have a pair of large antennae on your head. (SInv)


Message History

Natasha casts a spell.
Natasha claws you.
* * * LOW HITPOINT WARNING * * *
You miss Natasha.
Natasha is heavily wounded.
Natasha barely misses you. You block the iron imp's attack.
You hit Natasha.
Natasha is heavily wounded.
Natasha barely misses you. You block the iron imp's attack.
You closely miss Natasha.
Natasha is heavily wounded.
You block Natasha's attack. The crimson imp hits you.
* * * LOW HITPOINT WARNING * * *
The iron imp hits you.
* * * LOW HITPOINT WARNING * * *
You hit Natasha.
Natasha is severely wounded.
You block Natasha's attack.
The crimson imp blinks!
You block the iron imp's attack. Natasha claws you.
You die...

############ ...
............ #..
......<..... ..
########....... .[
.......'.....[.
#.####.#####.......
######h#..# #..(....
?.....h#..# ##'#'###
.....h5@..#+## #.#.#
......ยง...5..# #.#.###
.............# #......
.............#######.###
!......................#
.....?.#..#..........#.#
######.#..#.##########.#
#.#...[. #.# #.#...!##
#.#


You could see an iron imp, Natasha, a crimson imp and 2 jackals.

Vanquished Creatures
  Natasha (twice) (D:2)
  A gnoll (D:1)
  2 dart slugs (D:1)
  2 ball pythons (D:1)
  2 bats (D:1)
  4 giant cockroaches
  4 goblins
  4 hobgoblins
  4 kobolds
  2 frilled lizards (D:1)
  7 rats
34 creatures vanquished.

Notes
Turn   | Place    | Note
-------+----------+-------------------------------------------
     0 | D:1      | Dfrag the Formicid Fighter began the quest for the Orb.
     0 | D:1      | Reached XP level 1. HP: 18/18 MP: 1/1
   178 | D:1      | Reached XP level 2. HP: 22/24 MP: 2/2
   222 | D:1      | Reached skill level 4 in Shields
   406 | D:1      | Reached XP level 3. HP: 29/29 MP: 3/3
   888 | D:2      | Noticed Natasha
   900 | D:2      | Killed Natasha
   900 | D:2      | Reached XP level 4. HP: 15/35 MP: 4/4
  1196 | D:2      | Noticed Natasha
  1213 | D:2      | Killed Natasha
  1213 | D:2      | Reached skill level 5 in Shields
  1266 | D:2      | Noticed Natasha
  1276 | D:2      | Slain by Natasha

Vault maps used:
D:1:      grunt_arrival_crossed_arrows, minmay_misc_feat_five,
          roderic_malta_cross
D:2:      bloody_trog, uniq_natasha

Skill      XL: |  1  2  3  4 |
---------------+-------------+-----
Shields        | 4 5 |  5.1
Maces & Flails | 3 |  3.6
Fighting       | |  3.2
Armour         | |  3.2

Action                   |  1- 3 |  4- 6 || total
-------------------------+-------+-------++-------
Melee: Flail             |    80 |    41 ||   121
  Use: Potion            |       |     1 ||     1
  Eat: Chunk             |       |     1 ||     1
Armor: Scale mail        |    23 |    20 ||    43
Dodge: Dodged            |    28 |    19 ||    47
Block: Shield            |    48 |    24 ||    72
